[Event "GER-ch Youth U18 2020"]
[Site "Willingen"]
[Date "2020.10.23"]
[Round "6.8"]
[White "Huber, Benedikt"]
[Black "Burian, Simon"]
[Result "1-0"]
[ECO "A57"]
[WhiteElo "2191"]
[BlackElo "2113"]
[Annotator "ChessBase"]
[PlyCount "91"]
[EventDate "2020.10.20"]
[EventType "swiss"]
[EventRounds "7"]
[EventCountry "GER"]
[SourceTitle "playchess.com"]
[Source "ChessBase"]
[SourceQuality "1"]
[TimeControl "40/5400+30:1800+30"]

1. d4 Nf6 2. c4 c5 3. d5 b5 4. cxb5 a6 5. Nc3 axb5 6. e4 b4 7. Nb5 d6 8. a4 bxa3 9. Rxa3 Rxa3 10. bxa3 g6 11. Qa4 Bd7 12. Qa7 Bg7 13. Nc7+ Kf8 14. Bd3 Ne8 15. Nxe8 Bc3+ 16. Bd2 Bxd2+ 17. Kxd2 Qxe8 18. Nf3 Kg7 19. Rb1 Qc8 20. Rb7 Re8 21. a4 Bxa4 22. Rc7 Qd8 23. Qxa4 Qxc7 24. Qxe8 c4 25. Bxc4 Qxc4 26. Qxb8 Qxe4 27. Qb2+ Kg8 28. Qd4 Qb1 29. h4 f6 30. Ne1 Qa2+ 31. Ke3 Kf7 32. Nd3 Qb1 33. Qe4 Qb6+ 34. Kf3 Kf8 35. Kg3 Qb3 36. Kh2 Qc2 37. g3 Ke8 38. Qd4 Qd2 39. Kg2 h6 40. Qe3 Qd1 41. Qe4 g5 42. hxg5 hxg5 43. Nb4 Qb3 44. Nc6 Qb7 45. Qe6 Kf8 46. Nd8 1-0

[Event "GER-ch Youth U18 2020"]
[Site "Willingen"]
[Date "2020.10.23"]
[Round "6.10"]
[White "Papadopoulos, Ioannis"]
[Black "Lesny, Florian"]
[Result "0-1"]
[ECO "B90"]
[WhiteElo "2186"]
[BlackElo "2178"]
[Annotator "ChessBase"]
[PlyCount "100"]
[EventDate "2020.10.20"]
[EventType "swiss"]
[EventRounds "7"]
[EventCountry "GER"]
[SourceTitle "playchess.com"]
[Source "ChessBase"]
[SourceQuality "1"]
[TimeControl "40/5400+30:1800+30"]

1. e4 c5 2. Nf3 d6 3. d4 cxd4 4. Nxd4 Nf6 5. Nc3 a6 6. a4 g6 7. Be2 Bg7 8. Be3 O-O 9. h4 h5 10. Qd2 Nc6 11. Nxc6 bxc6 12. Bh6 Rb8 13. Bxg7 Kxg7 14. b3 Qa5 15. f3 e5 16. O-O-O Be6 17. Nb1 Qb6 18. a5 Qa7 19. g4 d5 20. Qg5 Qc7 21. Rdg1 Rh8 22. Nd2 hxg4 23. fxg4 dxe4 24. h5 Nh7 25. Qe3 Qxa5 26. h6+ Kf8 27. g5 Rd8 28. Nb1 Rd4 29. Rd1 Ke7 30. Rxd4 exd4 31. Qxd4 Rd8 32. Qg7 Qxg5+ 33. Kb2 Qf6+ 34. Nc3 Qxg7 35. hxg7 Nf6 36. Rh8 Rg8 37. Rxg8 Nxg8 38. Nxe4 Bf5 39. Ng3 Bc8 40. Kc3 Kf6 41. Bf3 Kxg7 42. Bxc6 Ne7 43. Ba8 Kf6 44. Kd4 Nf5+ 45. Nxf5 Bxf5 46. c4 a5 47. c5 Be6 48. Bd5 Ke7 49. Bxe6 fxe6 50. Ke5 Kd7 0-1

[Event "GER-ch Youth U18 2020"]
[Site "Willingen"]
[Date "2020.10.23"]
[Round "6.12"]
[White "Wong, Gengchun"]
[Black "Besancon, Pascal"]
[Result "1/2-1/2"]
[ECO "B97"]
[WhiteElo "2120"]
[BlackElo "1915"]
[Annotator "ChessBase"]
[PlyCount "75"]
[EventDate "2020.10.20"]
[EventType "swiss"]
[EventRounds "7"]
[EventCountry "GER"]
[SourceTitle "playchess.com"]
[Source "ChessBase"]
[SourceQuality "1"]
[TimeControl "40/5400+30:1800+30"]

1. e4 c5 2. Nf3 d6 3. d4 cxd4 4. Nxd4 Nf6 5. Nc3 a6 6. Bg5 e6 7. f4 Qb6 8. Nb3 Nbd7 9. Qf3 Be7 10. O-O-O Qc7 11. h4 h6 12. Bxf6 gxf6 13. Be2 b5 14. Qg3 Bf8 15. a3 Bb7 16. Bh5 Ke7 17. Rhf1 Rc8 18. Nd4 Rh7 19. Rd2 Rg7 20. Qh3 Qc4 21. Rfd1 Nb6 22. Nb3 Kd8 23. Na5 Qc7 24. e5 fxe5 25. Nxb7+ Qxb7 26. fxe5 d5 27. Rf2 Qc7 28. Rdf1 Qxe5 29. Bxf7 Bxa3 30. Nd1 Nc4 31. Bxe6 Rc6 32. Bxd5 Qxd5 33. bxa3 Qe5 34. Qd3+ Rd6 35. Qc3 Qxc3 36. Nxc3 Nxa3 37. Ne4 Rc6 38. Rd1+ 1/2-1/2

[Event "GER-ch Youth U18 2020"]
[Site "Willingen"]
[Date "2020.10.23"]
[Round "6.13"]
[White "Vogt, Dustin"]
[Black "Wensing, Maximilian"]
[Result "1/2-1/2"]
[ECO "B20"]
[WhiteElo "1829"]
[BlackElo "2039"]
[Annotator "ChessBase"]
[PlyCount "62"]
[EventDate "2020.10.20"]
[EventType "swiss"]
[EventRounds "7"]
[EventCountry "GER"]
[SourceTitle "playchess.com"]
[Source "ChessBase"]
[SourceQuality "1"]
[TimeControl "40/5400+30:1800+30"]

1. e4 c5 2. Ne2 a6 3. g3 b5 4. Bg2 Bb7 5. Nbc3 e6 6. O-O Nf6 7. d4 cxd4 8. Nxd4 b4 9. e5 Bxg2 10. Kxg2 bxc3 11. exf6 Qxf6 12. bxc3 Nc6 13. Rb1 Na5 14. Bf4 d5 15. Re1 Be7 16. Be5 Qg6 17. Bc7 Nc4 18. Nc6 Qf6 19. Rb7 Bc5 20. f4 Qxc3 21. Be5 Ne3+ 22. Rxe3 Qxe3 23. Bxg7 Rg8 24. Qg4 Qe4+ 25. Kh3 d4 26. Qh5 Qf5+ 27. Qxf5 exf5 28. Bxd4 Bxd4 29. Nxd4 Kf8 30. Nxf5 Rg6 31. Rc7 Rf6 1/2-1/2

[Event "GER-ch Youth U18 2020"]
[Site "Willingen"]
[Date "2020.10.24"]
[Round "7.12"]
[White "Besancon, Pascal"]
[Black "Papadopoulos, Ioannis"]
[Result "0-1"]
[ECO "B02"]
[WhiteElo "1915"]
[BlackElo "2186"]
[Annotator "RC"]
[PlyCount "42"]
[EventDate "2020.10.20"]
[EventType "swiss"]
[EventRounds "7"]
[EventCountry "GER"]
[SourceTitle "playchess.com"]
[Source "ChessBase"]
[SourceQuality "1"]
[TimeControl "40/5400+30:1800+30"]

1. e4 Nf6 2. Nc3 e5 3. Nge2 Nc6 4. g3 d5 5. exd5 Nxd5 6. Bg2 Be6 7. d4 Nxc3 8. bxc3 Bd5 9. f3 Bd6 10. Qd3 f6 11. O-O O-O 12. c4 Bf7 13. c3 exd4 14. cxd4 Ne5 15. Qe4 Nxc4 16. Qxb7 Re8 17. Nc3 Rb8 18. Qxa7 Bb4 19. Ne4 Ra8 20. Qb7 Qxd4+ 21. Kh1 Rab8 0-1